 Dungeon Crawl Stone Soup version 0.30-a0-743-gbfdf073431 (webtiles) character file.

Game seed: 2490726821400450403

21 Rrauwl the Charlatan (level 2, -1/28 HPs)
             Began as an Ogre Artificer on Feb 5, 2023.
             Was an Initiate of Ru.
             Slain by a quokka (3 damage)
             ... on level 2 of the Dungeon.
             The game lasted 00:03:43 (790 turns).

Rrauwl the Charlatan (Ogre Artificer)                Turns: 790, Time: 00:03:44

Health: -1/28      AC:  3    Str: 15    XL:     2   Next: 87%
Magic:  2/2        EV: 10    Int: 12    God:    Ru [......]
Gold:   46         SH:  0    Dex:  9    Spells: 1/1 levels left

rFire   . . .      SeeInvis .    a - +0 club
rCold   . . .      Faith    .    (no shield)
rNeg    . . .      Spirit   .    b - +0 robe
rPois   .          Reflect  .    (helmet restricted)
rElec   .          Harm     .    (no cloak)
rCorr   .          Rampage  .    (gloves unavailable)
Will    .....                    (boots unavailable) Stlth
                                 (no amulet)
HPRegen 0.24/turn                (no ring)
MPRegen 0.08/turn                (no ring)

@: mighty, lethally poisoned (-1 -> -4), flying
A: large, unfitting armour, tough skin 1, no stealth
a: Renounce Religion


You were on level 2 of the Dungeon.
You worshipped Ru.
Ru was noncommittal.
You visited 1 branch of the dungeon, and saw 2 of its levels.

You collected 46 gold pieces.

Inventory:

Hand Weapons
 a - a +0 club (weapon)
Armour
 b - a +0 robe (worn)
Wands
 c - a wand of flame (15) (quivered)
 d - a wand of charming (15)
 e - a wand of iceblast (5)
Scrolls
 j - a scroll of poison {unknown}
 k - a scroll of fog {unknown}
 l - a scroll of magic mapping {unknown}
 m - a scroll of teleportation {unknown}
Potions
 f - a potion of haste {unknown}
 h - a potion of resistance {unknown}
 i - a potion of berserk rage {unknown}
 n - a potion of flight


   Skills:
 + Level 2.2 Fighting
 + Level 2.4 Dodging
 + Level 2.7 Evocations


You had one spell level left.
You didn't know any spells.
Your spell library contained the following spells:

 Spells                   Type           Power      Damage    Failure   Level
 Ensorcelled Hibernation  Hex/Ice        0%         N/A       45%         2
 Spider Form              Tmut/Pois      0%         N/A       69%         3
 Anguish                  Hex/Necr       0%         N/A       97%         4


Dungeon Overview and Level Annotations

Branches:
Dungeon (2/15)

Altars:
Ru


Innate Abilities, Weirdness & Mutations

You are too large for most types of armour.
You have tough skin. (AC +1)
You cannot be stealthy.


Message History

There is a stone staircase leading down here.
You hit the bat.
You kill the bat!
No target in view!
You climb downwards.
The adder bites you.
You are poisoned.
The adder poisons you! The quokka barely misses you. The adder bites you.
The quokka bites you but does no damage.
There is a stone staircase leading up here.
Okay, then.
You hit the adder.
The adder is heavily wounded.
You feel sick. The adder barely misses you. The quokka barely misses you.
The adder bites you but does no damage.
You closely miss the adder.
The adder is heavily wounded.
You feel sick. The quokka bites you. The adder bites you.
The quokka bites you but does no damage.
You barely miss the adder.
The adder is heavily wounded.
You feel sick. The adder bites you. The quokka closely misses you.
The adder bites you.
You are more poisoned.
The adder poisons you!
You hit the adder.
The adder is almost dead.
You feel sick. The quokka bites you. The adder bites you.
* * * LOW HITPOINT WARNING * * *
The quokka closely misses you. The adder barely misses you.
It was a potion of flight.
You feel very buoyant.
You fly up into the air.
You feel sick. The quokka bites you.
* * * LOW HITPOINT WARNING * * *
The adder bites you.
* * * LOW HITPOINT WARNING * * *
It was a potion of might.
You feel very mighty all of a sudden.
* * * LOW HITPOINT WARNING * * *
You feel sick. The adder barely misses you. The quokka bites you.
You die...

#########
#.......#
#.......#
#.......#
#.....).#
.#.......######
........S......
#....r@......#
#.......####..
.........#
.#########


You could see an adder and a quokka.

Vanquished Creatures
  3 endoplasms (D:1)
  2 giant cockroaches (D:1)
  4 kobolds (D:1)
  A quokka (D:1)
  2 ball pythons (D:1)
  3 bats (D:1)
  5 rats (D:1)
20 creatures vanquished.

Vanquished Creatures (others)
  2 plants (D:1)
  5 toadstools (D:1)
7 creatures vanquished.

Grand Total: 27 creatures vanquished

Notes
Turn   | Place    | Note
-------+----------+-------------------------------------------
     0 | D:1      | Rrauwl the Ogre Artificer began the quest for the Orb.
     0 | D:1      | Reached XP level 1. HP: 19/19 MP: 1/1
   156 | D:1      | Reached XP level 2. HP: 27/28 MP: 2/2
   160 | D:1      | Reached skill level 1 in Stealth
   688 | D:1      | Found a faded altar of an unknown god.
   727 | D:1      | Prayed at the altar of an unknown god.
   727 | D:1      | Became a worshipper of Ru the Awakened
   733 | D:1      | Gained mutation: You cannot be stealthy. [Ru sacrifice]
   790 | D:2      | Slain by a quokka

Illustrated notes

Levels and vault maps discovered:
D:1:      ldierk_walled_garden, layout_rooms,
          hellmonk_ecumenical_altar_heavens_door
D:2:      layout_rooms

Skill      XL: |  1  2 |
---------------+-------+-----
Stealth        | 0 |  0.0
Fighting       | 2 |  2.2
Dodging        | |  2.4
Evocations     | |  2.7

Action                     || total
---------------------------++-------
  Melee: Club              ||   108
         Punch             ||     1
 Invoke: Sacrifice Stealth ||     1
    Use: Scroll            ||     1
         Potion            ||     2
   Stab: Sleeping          ||     1
 Armour: Robe              ||    33
  Dodge: Dodged            ||    77

Table legend: (Time is in decaauts)
 A = Elapsed time spent in this place.
 B = Non-inter-level travel time spent in this place.
 C = Inter-level travel time spent in this place.
 D = Time resting spent in this place.
 E = Time spent auto-exploring this place.
 F = Levels seen in this place.
 G = Mean time per level.
                   A        B        C        D        E       F      G
               +--------+--------+--------+--------+--------+-----+--------+
         Total |    823 |    775 |     48 |      0 |    524 |   2 |  411.5 |
       Dungeon |    823 |    775 |     48 |      0 |    524 |   2 |  411.5 |
               +--------+--------+--------+--------+--------+-----+--------+

Top non-repeatable levels by time:
     D:1: 812 daAuts
     D:2: 10 daAuts
